 Dungeon Crawl Stone Soup version 0.31-a0-263-ge8cad7f256 (webtiles) character file.

Game seed: 6321725534464575774

115 qw the Shooter (level 5, -1/30 HPs)
             Began as a Gargoyle Hexslinger on July 13, 2023.
             Slain by an orc
             ... wielding a +0 trident
              (4 damage)
             ... on level 3 of the Dungeon.
             The game lasted 00:00:54 (1727 turns).

qw the Shooter (Gargoyle Hexslinger)                Turns: 1727, Time: 00:00:54

Health: -1/30      AC:  9    Str: 12    XL:     5   Next: 0%
Magic:  6/6        EV: 10    Int: 13    God:
Gold:   24         SH:  0    Dex: 14    Spells: 5/6 levels left

rFire   . . .        Y - +0 orcbow
rCold   . . .        (shield currently unavailable)
rNeg    + . .        g - +0 ring mail
rPois   inf          (no helmet)
rElec   +            (no cloak)
rCorr   .            (no gloves)
SInv    .            (no boots)
Will    .....        (no amulet)
Stlth   +            (no ring)
HPRegen 0.25/turn    (no ring)
MPRegen 0.10/turn

%: no passive effects
@: no status effects
A: sickness immunity, AC +4, negative energy resistance 1, electricity
resistance, torment resistance 1, petrification resistance
a: no special abilities


You were on level 3 of the Dungeon.
You visited 1 branch of the dungeon, and saw 3 of its levels.

You collected 186 gold pieces.
You spent 162 gold pieces at shops.


Innate Abilities, Weirdness & Mutations

You are immune to sickness and miasma.
Your stone body is resilient. (AC +4)
You are immune to poison.
You resist negative energy. (rN+)
You are resistant to electric shocks. (rElec)
You are resistant to unholy torment.
You are immune to petrification.


   Skills:
 - Level 2.0 Fighting
 + Level 4.5 Ranged Weapons
 - Level 1.0 Armour
 - Level 1.5 Dodging
 - Level 1.0 Spellcasting
 - Level 2.6 Hexes


You had 5 spell levels left.
You knew the following spells:

 Your Spells              Type           Power      Damage    Failure   Level
a - Slow                  Hex            28%        N/A       22%         1

Your spell library contained the following spells:

 Spells                   Type           Power      Damage    Failure   Level
 Inner Flame              Hex/Fire       4%         N/A       73%         3
 Portal Projectile        Hex/Tloc       8%         N/A       73%         3
 Cause Fear               Hex            3%         N/A       91%         4

Inventory:

Hand Weapons
 Y - a +0 orcbow (weapon)
Armour
 a - a +0 pair of gloves
 g - a +0 ring mail (worn)
Scrolls
 c - 3 scrolls of identify
Potions
 b - a potion of berserk rage {unknown}
 d - a potion of heal wounds {unknown}
 e - a potion of enlightenment {unknown}
 h - 2 potions of brilliance {unknown}
 j - a potion of magic {unknown}

Dungeon Overview and Level Annotations

Branches:
Dungeon (3/15)

Altars:

Shops:
D:3 !?


Message History

The orc wizard points at you and mumbles some strange words.
The magic dart hits you!
An orc comes into view. It is wielding a +0 trident.
The orc hits you but does no damage.
You shoot an arrow. The arrow hits the orc!
You kill the orc!
You have reached level 5!
You shoot an arrow.
The arrow closely misses the orc wizard.
The orc wizard casts a spell at you.
You are confused.
The orc wizard hits you with a +0 dagger.
The orc hits you from afar with a +0 trident.
The orc wizard hits you but does no damage.
The orc hits you from afar with a +0 trident!
The orc wizard hits you but does no damage.
The orc closely misses you. The orc wizard barely misses you.
The orc hits you from afar with a +0 trident.
You feel less confused.
The orc wizard hits you but does no damage.
The orc barely misses you.
You shoot an arrow. The arrow barely misses the orc wizard.
The orc wizard closely misses you.
The orc hits you from afar with a +0 trident.
The orc misses you.
The orc wizard hits you but does no damage.
You shoot an arrow.
The arrow completely misses the orc wizard.
The orc wizard hits you but does no damage.
The orc misses you.
You shoot an arrow. The arrow hits the orc wizard!
The orc wizard is severely wounded.
The orc wizard hits you but does no damage.
The orc barely misses you.
You shoot an arrow. The arrow hits the orc wizard.
The orc wizard is severely wounded.
The orc wizard misses you. The orc completely misses you.
The orc hits you from afar with a +0 trident.
You die...

...# #.....######### #.#
...### #.....##..%...# #.#
.....# ##'#####.####.######.#
...#.# ##...................#
...#.###
#...........##.#######
####...#####.#.....#........#
# #..........#.o........#####
#
#.##.##.####..o....#.\######
#. #.##.#
#..@.....%..)...#### ..
#...># ####+##..#.####.....
### ###### .....#.# ##(\.#
###.###.# #..... (.. ..#
###### #..... #.# #. #.....
### ######. #..... #....#.
#>...# ###.##.#.


You could see an orc wizard and an orc.

Vanquished Creatures
  An orc wizard (D:3)
  2 adders
  3 dart slugs
  3 orcs (D:3)
  4 endoplasms
  5 giant cockroaches
  4 goblins
  6 hobgoblins
  4 kobolds
  4 quokkas (D:1)
  10 ball pythons
  5 bats
  3 frilled lizards
  6 rats
60 creatures vanquished.

Notes
Turn   | Place    | Note
-------+----------+-------------------------------------------
     0 | D:1      | qw the Gargoyle Hexslinger began the quest for the Orb.
     0 | D:1      | Reached XP level 1. HP: 12/12 MP: 2/2
     0 | D:1      | 0 ||| qw: Version: 0.3-a-52-g30416fa
     0 | D:1      | 0 ||| qw: Game counter: 7138
     0 | D:1      | 0 ||| qw: Melee chars always use a shield: true
     0 | D:1      | 0 ||| qw: God list: Okawaru
     0 | D:1      | 0 ||| qw: Allow faded altars: false
     0 | D:1      | 0 ||| qw: Do Orc after clearing Dungeon:15 true
     0 | D:1      | 0 ||| qw: Do second Lair branch before Depths: true
     0 | D:1      | 0 ||| qw: Lair rune preference: random
     0 | D:1      | 0 ||| qw: Goals: Normal
     0 | D:1      | 0 ||| PLANNING D:1-11
   100 | D:1      | Reached XP level 2. HP: 12/16 MP: 3/3
   228 | D:1      | Reached skill level 3 in Ranged Weapons
   330 | D:1      | 330 ||| UPGRADING to +0 ring mail.
   388 | D:1      | 388 ||| DROPPING +0 robe.
   424 | D:1      | Reached XP level 3. HP: 21/21 MP: 4/4
   786 | D:1      | 786 ||| READING 2 scrolls labelled XIUSAU TEHO.
   787 | D:1      | 787 ||| READING scroll labelled JOUSYI ETUFAZO.
   790 | D:1      | 790 ||| READING 2 scrolls labelled RIF ZIUTSUL.
   791 | D:1      | 791 ||| DROPPING scroll of immolation.
   792 | D:1      | 792 ||| DROPPING scroll of poison.
   793 | D:1      | 793 ||| DROPPING scroll of fog.
   987 | D:2      | Reached XP level 4. HP: 23/26 MP: 5/5
  1025 | D:2      | Reached skill level 4 in Ranged Weapons
  1084 | D:2      | 1084 ||| SWAPPING to +0 orcbow.
  1085 | D:2      | 1085 ||| DROPPING +1 sling.
  1299 | D:2      | 1299 ||| READING scroll labelled IVOHIM OKKI.
  1378 | D:3      | Reached skill level 1 in Armour
  1524 | D:3      | Found Sorphoum's Magic Scroll Emporium.
  1532 | D:3      | 1532 ||| BUYING 2 scrolls of identify (56 gold).
  1532 | D:3      | Bought 2 scrolls of identify for 56 gold pieces
  1532 | D:3      | 1532 ||| BUYING scroll of identify (28 gold).
  1532 | D:3      | Bought a scroll of identify for 28 gold pieces
  1532 | D:3      | Found Odghauc's Distillery.
  1546 | D:3      | 1546 ||| BUYING 2 potions of curing (78 gold).
  1546 | D:3      | Bought 2 potions of curing for 78 gold pieces
  1546 | D:3      | 1546 ||| SHOPLISTING potion of cancellation (104 gold, have
                  | 4).
  1546 | D:3      | 1546 ||| SHOPLISTING potion of haste (130 gold, have 4).
  1546 | D:3      | 1546 ||| SHOPLISTING potion of heal wounds (65 gold, have
                  | 4).
  1644 | D:3      | 1644 ||| DRINKING 3 potions of curing.
  1644 | D:3      | 1644 ||| (to cure confusion)
  1652 | D:3      | HP: 6/26 [orc/+0 flail (7)]
  1653 | D:3      | 1653 ||| DRINKING 2 potions of curing.
  1653 | D:3      | 1653 ||| (to cure confusion)
  1659 | D:3      | HP: 5/26 [orc wizard/magic dart (6)]
  1682 | D:3      | 1682 ||| FLEEEEING.
  1684 | D:3      | 1684 ||| FLEEEEING.
  1685 | D:3      | 1685 ||| FLEEEEING.
  1686 | D:3      | 1686 ||| FLEEEEING.
  1687 | D:3      | 1687 ||| FLEEEEING.
  1688 | D:3      | 1688 ||| FLEEEEING.
  1689 | D:3      | 1689 ||| FLEEEEING.
  1690 | D:3      | 1690 ||| FLEEEEING.
  1712 | D:3      | 1712 ||| FLEEEEING.
  1713 | D:3      | 1713 ||| FLEEEEING.
  1715 | D:3      | 1715 ||| DRINKING potion of curing.
  1715 | D:3      | 1715 ||| (to cure confusion)
  1718 | D:3      | Reached XP level 5. HP: 20/30 MP: 6/6
  1722 | D:3      | HP: 2/30 [orc/+0 trident (6)]
  1727 | D:3      | Slain by an orc

Levels and vault maps discovered:
D:1:      saegor_arrival_simple_b, layout_loops_ring,
          nicolae_concentric_dashed_squares_wild
D:2:      layout_rooms
D:3:      layout_basic, serial_shops, nicolae_shop_crystal, nicolae_shop_stone,
          shop, shop

Skill      XL: |  1  2  3  4 |
---------------+-------------+-----
Ranged Weapons | 3 4 |  4.5
Fighting       | 2 |  2.0
Armour         | 1 |  1.0
Dodging        | |  1.5
Spellcasting   | |  1.0
Hexes          | |  2.6

Action                     |  1- 3 |  4- 6 || total
---------------------------+-------+-------++-------
   Fire: Sling             |   147 |     9 ||   156
         Orcbow            |       |    60 ||    60
    Use: Scroll            |     3 |     1 ||     4
         Potion            |       |     3 ||     3
 Armour: Robe              |     8 |       ||     8
         Ring mail         |    28 |    37 ||    65
         Skin              |     1 |       ||     1
  Dodge: Dodged            |    44 |    51 ||    95

Table legend:
 A = Non-vault XP
 B = Vault XP
 C = Vault XP percentage of total XP
 D = Non-vault monster count
 E = Vault monster count
 F = Vault count percentage of total count
                 A         B        C        D         E       F
            +---------+---------+-------+---------+---------+-------
      Total |     165 |       0 |   0.0 |      60 |       0 |   0.0
            +---------+---------+-------+---------+---------+-------
        D:1 |      53 |       0 |   0.0 |      30 |       0 |   0.0
        D:2 |      44 |       0 |   0.0 |      18 |       0 |   0.0
        D:3 |      68 |       0 |   0.0 |      12 |       0 |   0.0
            +---------+---------+-------+---------+---------+-------
